 Dungeon Crawl Stone Soup version 0.32-a0-361-g289a535e89 (webtiles) character file.

Game seed: 13600972884853542153

168 Sabo the Covert (level 5, -3/34 HPs)
             Began as an Octopode Brigand on Feb 18, 2024.
             Was an Initiate of Okawaru.
             Slain by a wyvern (13 damage)
             ... on level 5 of the Dungeon.
             The game lasted 00:12:22 (2185 turns).

Sabo the Covert (Octopode Brigand)                  Turns: 2185, Time: 00:12:23

Health: -3/34      AC:  1    Str: 13    XL:     5   Next: 48%
Magic:  5/5        EV: 12    Int: 13    God:    Okawaru [......]
Gold:   200        SH:  6    Dex: 13    Spells: 3/4 levels left

rFire   . . .        p - +2 whip (vamp)
rCold   . . .        q - +2 buckler
rNeg    . . .        (helmet restricted)
rPois   .            (no amulet)
rElec   .            o - ring of willpower
rCorr   .            (no ring)
SInv    .            (no ring)
Will    +....        (no ring)
Stlth   +++++        (no ring)
HPRegen 0.25/turn    (no ring)
MPRegen 0.09/turn    (no ring)
                     (no ring)

%: no passive effects
@: no status effects
A: almost no armour, amphibious, 8 rings, camouflage 1, gelatinous body 1,
(nimble swimmer 1), tentacles
a: Renounce Religion


You were on level 5 of the Dungeon.
You worshipped Okawaru.
Okawaru was noncommittal.
You visited 1 branch of the dungeon, and saw 4 of its levels.

You collected 200 gold pieces.

Inventory:

Hand Weapons
 a - a +2 dagger
 g - a +0 war axe
 p - a +2 vampiric whip (weapon)
Missiles
 b - 13 poisoned darts (quivered)
 c - 3 curare-tipped darts
Armour
 q - a +2 buckler (worn)
Magical Staves
 f - a staff of alchemy
Jewellery
 o - a ring of willpower (left tentacle)
Talismans
 l - a blade talisman
Scrolls
 d - a scroll of teleportation
 e - a scroll of vulnerability {unknown}
 k - a scroll of revelation {unknown}
 m - a scroll of enchant weapon {unknown}
 n - 2 scrolls of enchant armour {unknown}
 r - a scroll of fog {unknown}
 s - a scroll of blinking {unknown}
 t - a scroll of brand weapon {unknown}
Potions
 h - 2 potions of curing
 i - 2 potions of might {unknown}
 j - a potion of mutation {unknown}


   Skills:
 + Level 2.1 Fighting
 + Level 2.4 Short Blades
 + Level 0.1 Maces & Flails
 + Level 2.6 Throwing
 + Level 1.2 Dodging
 + Level 8.2 Stealth
 + Level 0.3 Shields


You had 3 spell levels left.
You knew the following spells:

 Your Spells              Type           Power      Damage    Failure   Level
a - Magic Dart            Conj           0%         1d3       41%         1

Your spell library contained the following spells:

 Spells                   Type           Power      Damage    Failure   Level
 Searing Ray              Conj           0%         2d4       54%         2
 Fulminant Prism          Conj/Alch      0%         3d5       99%         4
 Summon Small Mammal      Summ           Unusable   N/A       N/A         1
 Call Canine Familiar     Summ           Unusable   N/A       N/A         3
 Summon Blazeheart Golem  Fire/Summ      Unusable   N/A       N/A         4

Dungeon Overview and Level Annotations

Branches:
Dungeon (3/15)

Altars:
Okawaru
Sif Muna
Trog


Innate Abilities, Weirdness & Mutations

You cannot wear most types of armour.
You are amphibious.
You can wear up to eight rings at the same time.
Your skin changes colour to match your surroundings (Stealth+).
Your rubbery body absorbs attacks. (AC +1, EV +1)
((You are camouflaged when in or above water. (Stealth+)))
You have tentacles for arms and can constrict up to eight enemies at once.


Message History

An orc comes into view. It is wielding a +0 mace.
The orc shouts!
You hear an angry hiss.
A sleepcap comes into view.
A kobold brigand comes into view.
It is wielding a +0 short sword and quivering poisoned darts.
The orc moves out of view.
A wyvern comes into view.
The kobold brigand throws a poisoned dart.
The poisoned dart hits you!
You are poisoned.
The wyvern moves out of view.
You feel sick.
You see here a +0 club.
You feel sick.
You feel sick.
You feel sick.
You feel sick.
You see here a +0 leather armour.
An adder comes into view.
You feel sick.
You are no longer poisoned.
The adder hisses angrily.
The wyvern bites you. The wyvern attacks as it pursues you!
The wyvern closely misses you.
You hit the wyvern. Your squeeze misses the wyvern.
The wyvern is lightly wounded.
The wyvern bites you. The wyvern barely misses you.
You closely miss the wyvern.
You squeeze the wyvern, but do no damage.
The wyvern is lightly wounded.
The wyvern barely misses you.
You closely miss the wyvern.
You squeeze the wyvern, but do no damage.
The wyvern is lightly wounded.
The wyvern bites you!
* * * LOW HITPOINT WARNING * * *
The wyvern completely misses you.
You barely miss the wyvern.
The wyvern is lightly wounded.
The wyvern barely misses you. The wyvern bites you!
You die...

.... ....⌠$... k...
#.#. #.⌠.⌠.# K.#
... #.....# .f.
..###.#####.#####.#
........#..[..#...
..S.....#.....#.#
#So[...)K.#
#k#.....#..# .
#@#.)...#.?##.
#....###.###.....
###............##
#..............
###############


You could see a wyvern, an adder and an orc.

Vanquished Creatures
  Terence (D:2)
  6 adders (D:3)
  A dart slug (D:1)
  2 ribbon worms (D:2)
  5 orcs (D:3)
  4 ball pythons
  5 bats
  3 endoplasms
  A giant cockroach (D:2)
  A goblin (D:1)
  4 hobgoblins
  A quokka (D:1)
  3 frilled lizards
  3 kobolds
  8 rats
48 creatures vanquished.

Notes
Turn   | Place    | Note
-------+----------+-------------------------------------------
     0 | D:1      | Sabo the Octopode Brigand began the quest for the Orb.
     0 | D:1      | Reached XP level 1. HP: 14/14 MP: 1/1
   123 | D:1      | Reached skill level 6 in Stealth
   123 | D:1      | Reached XP level 2. HP: 19/19 MP: 2/2
   374 | D:1      | Reached XP level 3. HP: 24/24 MP: 3/3
   700 | D:2      | Reached skill level 7 in Stealth
   735 | D:2      | Noticed Terence
   745 | D:2      | Killed Terence
   746 | D:2      | Reached XP level 4. HP: 29/29 MP: 4/4
   869 | D:2      | Found a bloodstained altar of Trog.
  1247 | D:3      | Found a shimmering blue altar of Sif Muna.
  1326 | D:3      | Reached XP level 5. HP: 23/34 MP: 5/5
  1511 | D:3      | Reached skill level 8 in Stealth
  1593 | D:3      | Found an iron altar of Okawaru.
  1604 | D:3      | Became a worshipper of Warmaster Okawaru
  1671 | D:3      | Learned a level 1 spell: Magic Dart
  2142 | D:3      | You fall into a shaft and drop 2 floors!
  2142 | D:5      | Entered Level 5 of the Dungeon
  2171 | D:5      | Noticed a kobold brigand
  2172 | D:5      | Noticed a wyvern
  2185 | D:5      | Slain by a wyvern

Illustrated notes

Levels and vault maps discovered:
D:1:      eino_arrival_water_star, layout_rooms, serial_bayou_pond_a,
          nicolae_kite_square_tiling_tiny, bh_walls_and_bars
D:2:      layout_rooms, basic_altar, uniq_terence
D:3:      layout_basic, okawaru_ov_weapons_minmay,
          mainiacjoe_overflow_cross_hatched, grunt_decor_mini_mirrors
D:5:      layout_rooms, demons_altar, minmay_chambers_of_fives

Skill      XL: |  1  2  3  4  5 |
---------------+----------------+-----
Stealth        | 6 7 8 |  8.2
Fighting       | |  2.1
Short Blades   | |  2.4
Maces & Flails | |  0.1
Throwing       | |  2.6
Dodging        | |  1.2
Shields        | |  0.3

Action                     |  1- 3 |  4- 6 || total
---------------------------+-------+-------++-------
  Melee: Dagger            |    39 |    20 ||    59
         Constrict         |    11 |     9 ||    20
         Tentacles         |    11 |    12 ||    23
         Whip              |       |    32 ||    32
    Use: Scroll            |     3 |     1 ||     4
   Stab: Sleeping          |     6 |     8 ||    14
         Distracted        |       |     1 ||     1
 Armour: Skin              |    11 |    25 ||    36
  Dodge: Dodged            |    17 |    21 ||    38
  Block: Buckler           |     8 |     7 ||    15

Table legend: (Time is in decaauts)
 A = Elapsed time spent in this place.
 B = Non-inter-level travel time spent in this place.
 C = Inter-level travel time spent in this place.
 D = Time resting spent in this place.
 E = Time spent auto-exploring this place.
 F = Levels seen in this place.
 G = Mean time per level.
                   A        B        C        D        E       F      G
               +--------+--------+--------+--------+--------+-----+--------+
         Total |   2183 |   2183 |      0 |    197 |      0 |   4 |  545.8 |
       Dungeon |   2183 |   2183 |      0 |    197 |      0 |   4 |  545.8 |
               +--------+--------+--------+--------+--------+-----+--------+

Top non-repeatable levels by time:
     D:3: 1058 daAuts
     D:1: 557 daAuts
     D:2: 524 daAuts
     D:5: 43 daAuts
